 Dungeon Crawl Stone Soup version 0.30-a0-187-gd9c2deaf24 (webtiles) character file.

Game seed: 6677676684940252443

441 Sweetruy1997 the Chopper (level 6, -1/53 HPs)
             Began as a Demonspawn Chaos Knight on Oct 4, 2022.
             Was a Plaything of Xom.
             Succumbed to Edmund's poison
             ... on level 4 of the Dungeon.
             The game lasted 00:09:39 (3871 turns).

Sweetruy1997 the Chopper (Demonspawn Chaos Knight)  Turns: 3871, Time: 00:09:40

Health: -1/53      AC:  8    Str: 12    XL:     6   Next: 71%
Magic:  6/6        EV: 12    Int: 14    God:    Xom [.....*]
Gold:   273        SH:  0    Dex: 14    Spells: 3/5 levels left

rFire   . . .      SeeInvis .    a - +0 hand axe (chaos)
rCold   . . .      Faith    .    (no shield)
rNeg    . . .      Spirit   .    b - +2 leather armour
rPois   .          Reflect  .    (no helmet)
rElec   .          Harm     .    m - +0 cloak
rCorr   .          Rampage  .    (no gloves)
Will    .....                    (no boots)
Stlth   ++........               (no amulet)
HPRegen 0.28/turn                (no ring)
MPRegen 0.10/turn                (no ring)

@: lethally poisoned (-1 -> -36), unable to read
A: hooves 1, yellow scales 1, demonic guardian 1, foul stench 1, claws 1, robust
1, wild magic 1, inability to read after injury 1
a: Renounce Religion


You were on level 4 of the Dungeon.
You worshipped Xom.
You were Xom's teddy bear.
You visited 1 branch of the dungeon, and saw 4 of its levels.

You collected 273 gold pieces.

Inventory:

Hand Weapons
 a - a +0 hand axe of chaos (weapon)
Missiles
 q - 4 javelins (quivered)
Armour
 b - a +2 leather armour (worn)
 m - a +0 cloak (worn)
Scrolls
 d - a scroll of fog {unknown}
 g - a scroll of enchant weapon {unknown}
 k - a scroll of poison
 n - a scroll of enchant armour {unknown}
 o - a scroll of blinking {unknown}
 r - 3 scrolls of summoning
 s - 2 scrolls of teleportation {unknown}
Potions
 e - a potion of invisibility {unknown}
 h - a potion of berserk rage {unknown}
 j - a potion of might {unknown}
 l - a potion of attraction {unknown}
 p - a potion of brilliance {unknown}
Miscellaneous
 c - a piece from Xom's chessboard (12/15)


   Skills:
 + Level 4.3 Fighting
 + Level 4.7 Axes
 + Level 1.3 Throwing
 - Level 2.0 Armour
 + Level 2.3 Dodging
 + Level 1.8 Stealth
 + Level 0.2 Spellcasting
 + Level 1.7 Evocations


You had 3 spell levels left.
You knew the following spells:

 Your Spells              Type           Power      Damage    Failure   Level
a - Blink                 Tloc           0%         N/A       58%         2

Your spell library contained the following spells:

 Spells                   Type           Power      Damage    Failure   Level
 Portal Projectile        Hex/Tloc       0%         N/A       80%         3
 Tukima's Dance           Hex            0%         N/A       80%         3
 Vhi's Electric Charge    Tloc/Air       0%         N/A       80%         3
 Manifold Assault         Tloc           0%         N/A       99%         4
 Blade Hands              Tmut           0%         N/A       100%        5
 Storm Form               Tmut/Air       0%         N/A       100%        7


Dungeon Overview and Level Annotations

Branches:
Dungeon (4/15)
 Temple: D:4-7

Altars:
Xom

Annotations:
D:4 Edmund


Innate Abilities, Weirdness & Mutations

You have large cloven feet.
You are partially covered in yellow scales. (AC +2)
A weak demonic guardian rushes to your aid.
You may rarely emit foul miasma when damaged in melee.
You have sharp fingernails.
You are robust. (+10% HP)
Your spells are a little harder to cast, but a little more powerful.
You occasionally lose the ability to read scrolls when taking damage.


Message History

You throw a javelin. The javelin closely misses Edmund.
You make a move on Xom's chessboard...
Edmund flickers and vanishes!
Deactivating autopickup; reactivate with Ctrl-A.
You can't see anything.
Try to make a move anyway?
You make a move on Xom's chessboard...
Nothing appears to happen.
You don't have any such object.
Evoke which item? (* to show all) (? for menu, Esc to quit)
You can't see anything.
Try to make a move anyway?
You make a move on Xom's chessboard...
Nothing appears to happen.
Something hits you.
You are poisoned.
You closely miss something.
You feel sick. Something hits you.
You are more poisoned.
You closely miss something. You kick something.
You feel very sick. Something hits you but does no damage.
You are more poisoned.
You miss something. You kick something.
You feel very sick. Something hits you.
You are more poisoned.
You hit something but do no damage.
You feel very sick. Something hits you but does no damage.
You are more poisoned.
You miss something. Your kick misses something.
You feel very sick. Something hits you!
You feel threatened and lose the ability to read scrolls!
A demonic guardian appears!
You are more poisoned.
You closely miss something. Your kick misses something.
* * * LOW HITPOINT WARNING * * *
You feel extremely sick. Something hits you.
* * * LOW HITPOINT WARNING * * *
You are more poisoned.
You barely miss something. Your kick misses something.
You die...
Xom thinks this is hilarious!

#..################.#..#...
#..#..............#.#..#...
#....#..#...(..........#.#..#...
.#....#..#<)...)........#.#..#...
.#....#..').............#.#..#...
......#..#.............. .#..####
......#..#.............. .#..#
......#..#...[..5......( #..#
>.....#..#......@{.....( #..#
.#....'..############### #..#
.#....#....... #..#
.#....#....... #..##
.#....#####################...###
.#........<...................)))
.............................###.
##......................>....# #.
###.....###+##......######### #.


You could see a friendly quasit (summoned).

Vanquished Creatures
  An ogre (D:3)
  A gnoll bouda (D:4)
  Jessica (D:3)
  3 orc wizards
  2 adders
  9 gnolls
  2 worms
  2 dart slugs (D:1)
  6 orcs
  A bat (D:1)
  6 endoplasms
  4 giant cockroaches
  17 goblins
  8 hobgoblins
  2 jackals (D:4)
  6 kobolds
  9 quokkas
  2 ball pythons
  2 frilled lizards
  4 rats
88 creatures vanquished.

Vanquished Creatures (collateral kills)
  2 gnolls (D:3)
  An orc (D:3)
3 creatures vanquished.

Vanquished Creatures (others)
  5 plants (D:3)
5 creatures vanquished.

Grand Total: 96 creatures vanquished

Notes
Turn   | Place    | Note
-------+----------+-------------------------------------------
     0 | D:1      | Sweetruy1997 the Demonspawn Chaos Knight began the quest
                  | for the Orb.
     0 | D:1      | Reached XP level 1. HP: 18/18 MP: 1/1
    60 | D:1      | XOM: potion effect (curing)
    97 | D:1      | Gained mutation: You have large cloven feet. [demonic
                  | ancestry]
    97 | D:1      | Reached XP level 2. HP: 14/24 MP: 2/2
   494 | D:1      | XOM: noise
   526 | D:1      | XOM: god gift: 21 gold pieces
   755 | D:1      | Reached skill level 1 in Dodging
   865 | D:1      | Gained mutation: You are partially covered in yellow
                  | scales. (AC +2) [demonic ancestry]
   865 | D:1      | Reached XP level 3. HP: 29/29 MP: 3/3
  1412 | D:2      | XOM: 4-stop teleportation journey
  1491 | D:2      | XOM: god gift: ruby potion {god gift}
  1618 | D:2      | XOM: noise
  1699 | D:2      | XOM: scenery: create altars
  2018 | D:3      | Gained mutation: A weak demonic guardian rushes to your
                  | aid. [demonic ancestry]
  2018 | D:3      | Reached XP level 4. HP: 32/36 MP: 4/4
  2051 | D:3      | Learned a level 2 spell: Blink
  2267 | D:3      | XOM: cast spell 'Dispersal'
  2279 | D:3      | Reached skill level 1 in Evocations
  2605 | D:3      | Reached skill level 1 in Stealth
  2608 | D:3      | Reached XP level 5. HP: 33/42 MP: 5/5
  2687 | D:3      | Noticed Jessica
  2699 | D:3      | Killed Jessica
  2858 | D:3      | XOM: noise
  3183 | D:3      | XOM: butterfly on damage
  3320 | D:4      | Noticed an ogre
  3329 | D:3      | Killed an ogre
  3330 | D:3      | Gained mutation: You may rarely emit foul miasma when
                  | damaged in melee. [demonic ancestry]
  3330 | D:3      | Reached XP level 6. HP: 24/48 MP: 6/6
  3445 | D:4      | Gained mutation: You are frail. (-10% HP) [potion of
                  | mutation]
  3445 | D:4      | Gained mutation: Your natural rate of healing is unusually
                  | fast. [potion of mutation]
  3446 | D:4      | Lost mutation: Your natural rate of healing is unusually
                  | fast. [potion of mutation]
  3446 | D:4      | Lost mutation: You are frail. (-10% HP) [potion of
                  | mutation]
  3446 | D:4      | Gained mutation: You have sharp fingernails. [potion of
                  | mutation]
  3446 | D:4      | Gained mutation: You are robust. (+10% HP) [potion of
                  | mutation]
  3446 | D:4      | Gained mutation: You occasionally lose the ability to read
                  | scrolls when taking damage. [potion of mutation]
  3446 | D:4      | Gained mutation: Your spells are a little harder to cast,
                  | but a little more powerful. [potion of mutation]
  3603 | D:4      | Reached skill level 1 in Throwing
  3606 | D:4      | XOM: cast spell 'Olgreb's Toxic Radiance'
  3702 | D:4      | XOM: cloud trail
  3826 | D:4      | XOM: 1-stop teleportation journey
  3859 | D:4      | Noticed Edmund
  3871 | D:4      | Succumbed to Edmund's poison

Illustrated notes

Levels and vault maps discovered:
D:1:      denvon_arrival_planthouse, layout_basic,
          minmay_misc_feat_secret_circle
D:2:      cheibrodos_greedy_goblins, layout_loops_corners
D:3:      wad_woods_tower, layout_basic, uniq_jessica
D:4:      minmay_angry_zag, layout_basic, uniq_edmund

Skill      XL: |  1  2  3  4  5  6 |
---------------+-------------------+-----
Axes           | 3 4 |  4.7
Armour         | 2 |  2.0
Dodging        | 1 2 |  2.3
Evocations     | 1 |  1.7
Stealth        | 1 |  1.8
Fighting       | 4 |  4.3
Throwing       | 1 |  1.3
Spellcasting   | |  0.2

Action                   |  1- 3 |  4- 6 || total
-------------------------+-------+-------++-------
Melee: Hand axe          |   100 |   118 ||   218
       Kick              |    17 |    26 ||    43
       Punch             |       |     1 ||     1
Throw: Javelin           |       |    26 ||    26
 Cast: Blink             |       |     1 ||     1
Evoke: Piece from Xom's  |     4 |     6 ||    10
  Use: Potion            |     1 |     2 ||     3
       Scroll            |       |     5 ||     5
 Stab: Sleeping          |     2 |       ||     2
       Confused          |     1 |       ||     1
Armor: Leather armour    |    32 |    48 ||    80
Dodge: Dodged            |    57 |    67 ||   124

Table legend: (Time is in decaauts)
 A = Elapsed time spent in this place.
 B = Non-inter-level travel time spent in this place.
 C = Inter-level travel time spent in this place.
 D = Time resting spent in this place.
 E = Time spent auto-exploring this place.
 F = Levels seen in this place.
 G = Mean time per level.
                   A        B        C        D        E       F      G
               +--------+--------+--------+--------+--------+-----+--------+
         Total |   3910 |   3715 |    195 |    499 |   2559 |   4 |  977.5 |
       Dungeon |   3910 |   3715 |    195 |    499 |   2559 |   4 |  977.5 |
               +--------+--------+--------+--------+--------+-----+--------+

Top non-repeatable levels by time:
     D:3: 1419 daAuts
     D:2: 1015 daAuts
     D:1: 990 daAuts
     D:4: 484 daAuts
